 Seeded DCSS version 0.29-a0-845-g6161e89988 (webtiles) character file.

Game seed: 20220716 (custom seed)

128 flotson the Sneak (level 4, -2/37 HPs)
             Began as a Demonspawn Delver on July 16, 2022.
             Slain by an orc
             ... wielding a +0 flail
              (6 damage)
             ... on level 2 of the Dungeon.
             The game lasted 00:05:55 (2418 turns).

flotson the Sneak (Demonspawn Delver)               Turns: 2418, Time: 00:05:56

Health: -2/37      AC:  5    Str: 17    XL:     4   Next: 86%
Magic:  4/4        EV:  9    Int: 11    God:
Gold:   57         SH:  0    Dex: 24    Spells: 3/3 levels left

rFire   + . .      SeeInvis .   a - +4 hammer of Luskudgh {venom, Drain rPois rC+ Dex+7}
rCold   + . .      Faith    .   d - +0 tower shield "Dined" {Will- Str+3 Dex+2 Stlth+}
rNeg    + . .      Spirit   .   s - +2 robe {rF+}
rPois   +          Reflect  .   v - +0 helmet
rElec   .          Harm     .   n - scarf {repulsion}
rCorr   .          Rampage  .   (no gloves)
Will    .....                   (no boots)
Stlth   ++........              (no amulet)
HPRegen 0.12/turn               i - ring of positive energy
MPRegen 0.09/turn               (no ring)

@: confused, repel missiles
A: foul stench 1, demonic touch 1
a: no special abilities


You were on level 2 of the Dungeon.
You visited 1 branch of the dungeon, and saw 5 of its levels.

You collected 79 gold pieces.
You spent 22 gold pieces at shops.

Inventory:

Hand Weapons
 a - the +4 hammer of Luskudgh (weapon) {venom, Drain rPois rC+ Dex+7}
   (You found it on level 2 of the Dungeon)

   It poisons the flesh of those it strikes.
   Dex:       It affects your dexterity (+7).
   rC:        It protects you from cold.
   rPois:     It protects you from poison.
   Drain:     It drains your maximum health when unequipped.
Missiles
 j - 2 atropa-tipped darts (quivered)
Armour
 d - the +0 tower shield "Dined" (worn) {Will- Str+3 Dex+2 Stlth+}
   (You found it on level 5 of the Dungeon)

   Str:       It affects your strength (+3).
   Dex:       It affects your dexterity (+2).
   Will:      It decreases your willpower.
   Stlth:     It makes you more stealthy.
 k - a +0 scale mail
 n - a scarf of repulsion (worn)
 s - a +2 robe of fire resistance (worn)
 v - a +0 helmet (worn)
Jewellery
 i - a ring of positive energy (left hand)
Wands
 g - a wand of digging (3)
Scrolls
 b - a scroll of teleportation {unknown}
 c - 2 scrolls of fog
 e - 2 scrolls of fear
 l - a scroll of immolation {unknown}
 q - a scroll of acquirement {unknown}
 t - a scroll of amnesia {unknown}
 u - a scroll of enchant armour {unknown}
Potions
 f - 3 potions of attraction
 h - a potion of might
 m - 2 potions of heal wounds {unknown}
 o - a potion of degeneration {unknown}
 p - a potion of brilliance {unknown}
 r - 3 potions of haste


   Skills:
 + Level 3.7 Fighting
 - Level 1.2(1.8) Axes
 + Level 0.2(0.8) Maces & Flails
 - Level 1.7(2.0) Polearms
 + Level 0.6 Throwing
 + Level 1.3 Armour
 + Level 2.3 Dodging
 - Level 4.5 Stealth
 + Level 0.8 Shields
 + Level 1.6 Evocations


You had 3 spell levels left.
You didn't know any spells.
Your spell library contained the following spells:

 Spells                   Type           Power      Damage    Failure   Level
 Call Canine Familiar     Summ           0%         N/A       100%        3
 Portal Projectile        Hex/Tloc       0%         N/A       100%        3
 Summon Guardian Golem    Hex/Summ       0%         N/A       100%        3
 Leda's Liquefaction      Hex/Erth       0%         N/A       100%        4
 Orb of Destruction       Conj           0%         9d5       100%        7
 Spellforged Servitor     Conj/Summ      0%         N/A       100%        7


Dungeon Overview and Level Annotations

Branches:
Dungeon (5/15)
 Temple: D:4-7

Altars:
Makhleb
Xom

Shops:
D:1 *

Annotations:
D:2 1 runed translucent door, Crazy Yiuf


Innate Abilities, Weirdness & Mutations

You may rarely emit foul miasma when damaged in melee.
Your touch may inflict minor irresistible damage on your foes.


Message History

You block the orc's attack.
The orc wizard points at you and mumbles some strange words.
The puff of flame is repelled.
The orc hits you with a +0 flail.
You hit the orc wizard.
The orc wizard is poisoned.
The orc wizard is moderately wounded.
You block the orc's attack. You block the orc wizard's attack.
The orc closely misses you. The orc hits you with a +0 flail.
The orc hits you with a +0 morningstar.
You emit a cloud of foul miasma!
The orc barely misses you.
The orc wizard hits you but does no damage.
You completely miss the orc wizard.
The orc wizard is heavily wounded.
The orc hits you with a +0 mace.
The orc is engulfed in dark miasma.
The orc is poisoned.
You block the orc's attack.
The orc wizard gestures at you while chanting.
You are confused.
The orc hits you with a +0 flail!
* * * LOW HITPOINT WARNING * * *
You are too injured to fight recklessly!
Unknown command.
You are too injured to fight recklessly!
The orc is engulfed in dark miasma.
The orc looks even sicker.
You kill the orc!
The orc attacks as you move away! The orc hits you but does no damage.
You bump into the rock wall.
The orc hits you with a +0 mace.
* * * LOW HITPOINT WARNING * * *
The orc wizard gestures wildly while chanting.
The orc wizard flickers and vanishes!
Deactivating autopickup; reactivate with Ctrl-A.
The orc closely misses you. The orc hits you but does no damage.
Something hits you.
* * * LOW HITPOINT WARNING * * *
You emit a cloud of foul miasma!
The orc barely misses you.
Things that are here:
a +0 morningstar; an orc corpse Unknown command.
You barely miss the orc. The orc barely misses you. Something hits you.
* * * LOW HITPOINT WARNING * * *
The orc hits you but does no damage. x2; The orc hits you with a +0 flail.
You die...

..# #..........# .# #.#
#.........†# .#
####.#####..........# .#
#..)................# .#
#.###.####........[.# .#
#. #.# #.#........# .#
#.###.####.#........# .#
#..........#..).....#
.#####.########o@{#.####
................o.#.#
.#####.#########..#.##
.# #.# ##....# .#
#.##########....# .#
#.#.......##....#
.#####.#.#.....##....#
.........#.....##....#
.###.#####.######....#


You could see 2 orcs.

Vanquished Creatures
  A hound (D:4)
  A hound skeleton (D:4)
  Robin (D:2)
  An adder (D:4)
  A worm (D:2)
  2 orcs
  4 bats
  5 endoplasms
  2 giant cockroaches
  11 goblins
  7 hobgoblins
  2 quokkas
  6 ball pythons
  A frilled lizard (D:1)
  6 kobolds
  4 rats
55 creatures vanquished.

Notes
Turn   | Place    | Note
-------+----------+-------------------------------------------
     0 | D:5      | flotson the Demonspawn Delver began the quest for the Orb.
     0 | D:5      | Reached XP level 1. HP: 18/18 MP: 1/1
    24 | D:5      | Noticed a water moccasin
    43 | D:5      | Identified the +0 tower shield "Dined" {Will- Str+3 Dex+2
                  | Stlth+}
    48 | D:5      | Noticed a necrophage
    51 | D:5      | Noticed a hound
    53 | D:4      | Noticed a hound
    74 | D:4      | Killed a hound
    75 | D:4      | Reached skill level 1 in Evocations
    75 | D:4      | Gained mutation: You may rarely emit foul miasma when
                  | damaged in melee. [demonic ancestry]
    75 | D:4      | Reached XP level 2. HP: 4/24 MP: 2/2
   327 | D:4      | Gained mutation: Your touch may inflict minor irresistible
                  | damage on your foes. [demonic ancestry]
   327 | D:4      | Reached XP level 3. HP: 29/29 MP: 3/3
   338 | D:4      | Reached skill level 1 in Axes
   338 | D:4      | Reached skill level 1 in Armour
   351 | D:4      | Found a burning altar of Makhleb.
   351 | D:4      | Noticed a necrophage
   375 | D:4      | Noticed an ogre
   433 | D:4      | Noticed a scorpion
   597 | D:4      | Found a shimmering altar of Xom.
   926 | D:2      | Reached XP level 4. HP: 35/35 MP: 4/4
   948 | D:2      | Found a runed translucent door.
   949 | D:2      | Noticed Crazy Yiuf
   951 | D:2      | Identified the +4 hammer of Luskudgh {venom, Drain rPois
                  | rC+ Dex+7}
   984 | D:2      | Noticed Robin
   997 | D:2      | Killed Robin
  1501 | D:1      | Found Zuqyatij's General Store.
  1505 | D:1      | Bought a scroll of identify for 22 gold pieces
  2418 | D:2      | Slain by an orc

Illustrated notes

Levels and vault maps discovered:
D:1:      dpeg_arrival_arbitrary_c, layout_basic, serial_shops, shop
D:2:      layout_basic, ebering_ecumenical_altar_ruins, uniq_robin,
          uniq_crazy_yiuf_cottage
D:3:      layout_basic, serial_shops, shop, ebering_ghost_sewer_f
D:4:      layout_loops_ring, mainiacjoe_overflow_concentric_impassable,
          makhleb_blood_cavern_becter, mainiacjoe_overflow_tiny_flanked,
          uniq_blork_the_orc
D:5:      layout_cave_pools, mainiacjoe_overflow_small_starburst,
          grunt_ministairs_4, kennysheep_doodads

Skill      XL: |  1  2  3 |
---------------+----------+-----
Dodging        | 2 |  2.3
Evocations     | 1 |  1.6
Axes           | 1 |  1.2
Armour         | 1 |  1.3
Fighting       | |  3.7
Maces & Flails | |  0.2
Polearms       | |  1.7
Throwing       | |  0.6
Stealth        | |  4.5
Shields        | |  0.8

Action                   |  1- 3 |  4- 6 || total
-------------------------+-------+-------++-------
Melee: Spear             |    75 |       ||    75
       Punch             |     1 |       ||     1
       Mace              |       |    83 ||    83
  Use: Scroll            |     1 |     2 ||     3
       Potion            |     1 |       ||     1
 Stab: Sleeping          |     6 |    10 ||    16
       Distracted        |     1 |     1 ||     2
Armor: Leather armour    |     9 |       ||     9
       Scale mail        |     8 |    23 ||    31
       Robe              |       |    10 ||    10
Dodge: Dodged            |    13 |    19 ||    32
       Repelled          |       |     1 ||     1
Block: Tower shield      |    35 |    64 ||    99

Table legend: (Time is in decaauts)
 A = Elapsed time spent in this place.
 B = Non-inter-level travel time spent in this place.
 C = Inter-level travel time spent in this place.
 D = Time resting spent in this place.
 E = Time spent auto-exploring this place.
 F = Levels seen in this place.
 G = Mean time per level.
                   A        B        C        D        E       F      G
               +--------+--------+--------+--------+--------+-----+--------+
         Total |   2488 |   2386 |    102 |    439 |   1138 |   5 |  497.6 |
       Dungeon |   2488 |   2386 |    102 |    439 |   1138 |   5 |  497.6 |
               +--------+--------+--------+--------+--------+-----+--------+

Top non-repeatable levels by time:
     D:1: 1022 daAuts
     D:4: 733 daAuts
     D:2: 625 daAuts
     D:3: 61 daAuts
     D:5: 44 daAuts
